 Seeded DCSS version 0.29-a0-422-gafbd6decc1 (webtiles) character file.

Game seed: 3455970914219774044 (custom seed)

88 bwicke the Sneak (level 4, -1/27 HPs)
             Began as an Octopode Venom Mage on May 19, 2022.
             Slain by an orc priest
             ... wielding a +0 war axe
              (7 damage)
             ... on level 4 of the Dungeon.
             The game lasted 00:07:14 (2867 turns).

bwicke the Sneak (Octopode Venom Mage)              Turns: 2867, Time: 00:07:15

Health: -1/27      AC:  1    Str:  7    XL:     4   Next: 54%
Magic:  7/7        EV: 13    Int: 19    God:
Gold:   110        SH:  0    Dex: 12    Spells: 6/7 levels left

rFire   . . .      SeeInvis .   d - +0 dagger (vamp)
rCold   . . .      Faith    .   (no shield)
rNeg    . . .      Spirit   .   (helmet restricted)
rPois   .          Reflect  .   (no amulet)
rElec   .          Harm     .   (no ring)
rCorr   .          Rampage  .   (no ring)
Will    .....                   (no ring)
Stlth   ++++......              (no ring)
HPRegen 0.09/turn               (no ring)
MPRegen 0.10/turn               (no ring)
                                (no ring)
                                (no ring)

@: no status effects
A: almost no armour, amphibious, 8 rings, camouflage 1, gelatinous body 1,
(nimble swimmer 1), tentacles
a: no special abilities


You were on level 4 of the Dungeon.
You visited 1 branch of the dungeon, and saw 4 of its levels.

You collected 110 gold pieces.

Inventory:

Hand Weapons
 c - a +0 spear
 d - a +0 vampiric dagger (weapon)
 g - a +0 short sword
 l - a +0 war axe
Missiles
 f - 65 stones
Scrolls
 b - a scroll of blinking {unknown}
 h - a scroll of brand weapon
 k - a scroll of poison
 m - a scroll of fear
 o - a scroll of vulnerability {unknown}
 p - a scroll of torment {unknown}
Potions
 a - 2 potions of magic
 i - 5 potions of curing {unknown}
 j - a potion of mutation {unknown}
 n - a potion of heal wounds {unknown}


   Skills:
 - Level 2.1 Dodging
 + Level 6.0 Stealth
 - Level 2.1 Spellcasting
 - Level 1.2 Transmutations
 - Level 3.8 Poison Magic


You had 6 spell levels left.
You knew the following spells:

 Your Spells              Type           Power      Damage    Failure   Level
a - Sting                 Tmut/Pois      44%        1d5       6%          1

Your spell library contained the following spells:

 Spells                   Type           Power      Damage    Failure   Level
 Beastly Appendage        Tmut           12%        N/A       10%         1
 Poisonous Vapours        Pois/Air       18%        N/A       12%         2
 Wereblood                Tmut           6%         N/A       16%         2
 Spider Form              Tmut/Pois      11%        N/A       17%         3
 Ignite Poison            Fire/Tmut/Pois 8%         N/A       26%         3
 Mephitic Cloud           Conj/Pois/Air  6%         N/A       30%         3
 Olgreb's Toxic Radiance  Pois           16%        N/A       34%         4
 Call Canine Familiar     Summ           2%         N/A       45%         3
 Conjure Flame            Conj/Fire      2%         6-21      45%         3
 Dazzling Flash           Conj/Hex       4%         N/A       45%         3
 Ozocubu's Armour         Ice            2%         N/A       45%         3
 Portal Projectile        Hex/Tloc       4%         N/A       45%         3
 Leda's Liquefaction      Hex/Erth       1%         N/A       86%         4
 Sticky Flame             Conj/Fire      2%         2d3       86%         4
 Agony                    Necr           2%         N/A       99%         5
 Silence                  Hex/Air        1%         N/A       99%         5
 Ozocubu's Refrigeration  Ice            1%         4d5       100%        7


Dungeon Overview and Level Annotations

Branches:
Dungeon (4/15)
 Temple: D:4-7

Altars:
Elyvilon

Shops:
D:3 =


Innate Abilities, Weirdness & Mutations

You cannot wear most types of armour.
You are amphibious.
You can wear up to eight rings at the same time.
Your skin changes colour to match your surroundings (Stealth+).
Your rubbery body absorbs attacks. (AC +1, EV +1)
((You are camouflaged when in or above water. (Stealth+)))
You have tentacles for arms and can constrict up to eight enemies at once.


Message History

An orc priest comes into view. It is wielding a +0 war axe.
An orc comes into view. It is wielding a +0 hand axe.
An orc comes into view. It is wielding a +0 short sword.
The orc priest shouts!
You hear a shout! x2; The orc shouts!
The orc barely misses you.
You hear a shout!
You hit the orc wizard but do no damage.
You grab the orc wizard. You constrict the orc wizard.
The orc wizard misses you. The orc barely misses you.
You hit the orc wizard. You tentacle-slap the orc wizard.
You squeeze the orc wizard, but do no damage.
The orc wizard is moderately wounded.
You constrict the orc wizard, but do no damage.
The orc completely misses you.
The orc priest calls down the wrath of Beogh upon you.
Beogh smites you!
Ouch! That really hurt!
The orc wizard gestures at you while chanting.
You resist with some effort. The orc hits you with a +0 hand axe.
You release your grip on the orc wizard.
The orc wizard attacks as you move away!
The orc wizard barely misses you. The orc attacks as you move away!
The orc barely misses you. The orc attacks as you move away!
The orc barely misses you. The orc attacks as you move away!
The orc hits you with a +0 hand axe!
* * * LOW HITPOINT WARNING * * *
An orc comes into view. It is wielding a +0 short sword.
You hit the orc. You grab the orc.
The orc is heavily wounded.
You constrict the orc, but do no damage.
The orc priest begins to cast a cantrip, but forgets the words!
The orc struggles to escape constriction.
You hit the orc but do no damage.
The orc is heavily wounded.
You constrict the orc.
The orc escapes!
An orc comes into view. It is wielding a +0 club.
You hit the orc priest but do no damage.
You grab the orc priest. You constrict the orc priest.
The orc priest hits you with a +0 war axe!
You die...

### #.#.. .##
#.#.#######o...
#.#.#........##
##.#...o.o......
#....##o########
#.....@o#
#....#########.
#..............
#.....#?######.
.........#......#
..##...[.#<####.#
. #.....###
#...... ###+###


You could see an orc priest, an orc wizard and 3 orcs.

Vanquished Creatures
  A gnoll (D:1)
  An adder (D:2)
  2 worms (D:2)
  A dart slug (D:3)
  3 orcs (D:3)
  3 bats
  7 endoplasms
  3 giant cockroaches
  2 goblins (D:1)
  4 hobgoblins
  4 jackals (D:2)
  7 kobolds
  4 quokkas
  5 ball pythons
  5 rats
52 creatures vanquished.

Notes
Turn   | Place    | Note
-------+----------+-------------------------------------------
     0 | D:1      | bwicke the Octopode Venom Mage began the quest for the Orb.
     0 | D:1      | Reached XP level 1. HP: 11/11 MP: 3/3
   139 | D:1      | Reached skill level 3 in Stealth
   139 | D:1      | Reached XP level 2. HP: 14/17 MP: 0/5
   573 | D:1      | Reached XP level 3. HP: 21/21 MP: 4/6
   608 | D:1      | Reached skill level 4 in Stealth
  1801 | D:2      | Reached skill level 5 in Stealth
  1801 | D:2      | Reached XP level 4. HP: 27/27 MP: 7/7
  2127 | D:3      | Found Pyreorgh's Jewellery Shoppe.
  2730 | D:3      | Found a white marble altar of Elyvilon.
  2810 | D:3      | Reached skill level 6 in Stealth
  2867 | D:4      | Slain by an orc priest

Illustrated notes

Levels and vault maps discovered:
D:1:      dpeg_arrival_connections, layout_basic, kennysheep_small_spiral,
          interstate_on_off, minmay_misc_feat_four_crosses
D:2:      layout_basic
D:3:      layout_rooms, mainiacjoe_overflow_brackets, serial_rivers,
          chequers_serial_rivers_micro_c, chequers_serial_rivers_micro_c,
          chequers_serial_rivers_small_b, chequers_serial_rivers_micro_e,
          chequers_serial_rivers_room_a, serial_shops, shop_statue
D:4:      layout_basic, kennysheep_small_square

Skill      XL: |  1  2  3  4 |
---------------+-------------+-----
Stealth        | 3 5 6 |  6.0
Dodging        | |  2.1
Spellcasting   | |  2.1
Transmutations | |  1.2
Poison Magic   | |  3.8

Action                   |  1- 3 |  4- 6 || total
-------------------------+-------+-------++-------
Melee: Unarmed           |     3 |       ||     3
       Constrict         |     8 |     6 ||    14
       Tentacles         |     9 |     3 ||    12
       Dagger            |    32 |    31 ||    63
       Punch             |     1 |     1 ||     2
 Cast: Sting             |    27 |    10 ||    37
  Use: Scroll            |     1 |     4 ||     5
 Stab: Sleeping          |     7 |    12 ||    19
       Distracted        |     1 |       ||     1
Armor: Skin              |     3 |       ||     3
Dodge: Dodged            |    20 |     9 ||    29

Table legend: (Time is in decaauts)
 A = Elapsed time spent in this place.
 B = Non-inter-level travel time spent in this place.
 C = Inter-level travel time spent in this place.
 D = Time resting spent in this place.
 E = Time spent auto-exploring this place.
 F = Levels seen in this place.
 G = Mean time per level.
                   A        B        C        D        E       F      G
               +--------+--------+--------+--------+--------+-----+--------+
         Total |   2865 |   2810 |     55 |      0 |   2272 |   4 |  716.2 |
       Dungeon |   2865 |   2810 |     55 |      0 |   2272 |   4 |  716.2 |
               +--------+--------+--------+--------+--------+-----+--------+

Top non-repeatable levels by time:
     D:1: 1108 daAuts
     D:2: 991 daAuts
     D:3: 746 daAuts
     D:4: 18 daAuts
